Map: Ulrena

Players

INnoVation

  • Race: Terran Terran

AcerNerchio (Nerchio) - Winner!

  • Race: Zerg Zerg

Event: NationWars III

VOD

https://youtu.be/5ZqDvvFfrn8

Description

Time

  • Played on: Jan. 3, 2016, 10:33 a.m.
  • Length: 8:41

All games in this series

Show
View Real Time Build Order
Export as new Build Order

INnoVation Terran 

Build Orders: Reaper Expand, Hellion Banshee 

Get SALT Encoding   

  12  0:01  SCV  
  13  0:13  SCV  
  14  0:17  Supply Depot  
  14  0:25  SCV  
  15  0:39  SCV  
  15  0:41  Barracks  
  16  0:44  Refinery  
  16  0:51  SCV  
  17  1:03  SCV  
  18  1:15  SCV  
  19  1:28  Reaper, Orbital Command  
  20  1:41  Command Center  
  20  1:49  Supply Depot  
  20  1:54  SCV  
  21  2:00  Marine  
  22  2:05  Factory  
  22  2:09  SCV  
  22  2:14  Refinery  
  23  2:21  SCV  
  24  2:23  Barracks Reactor  
  24  2:33  SCV  
  25  2:45  SCV  
  26  2:53  Starport  
  26  2:54  Orbital Command  
  26  2:57  SCV  
  27  3:06  Hellion x2  
  27  3:08  Barracks Tech Lab  
  27  3:09  SCV  
  32  3:20  SCV  
  32  3:22  SCV  
  34  3:27  Hellion x2  
  34  3:30  Supply Depot  
  34  3:32  SCV  
  34  3:34  SCV  
  40  3:37  Banshee  
  40  3:38  Barracks Tech Lab  
  43  3:48  Supply Depot  
  43  3:49  SCV x2  
  45  3:58  Hellion  
  45  4:10  Supply Depot  
  45  4:11  Hellion  
  46  4:20  Starport Tech Lab  
  46  4:23  Marine  
  46  4:26  Hellion  
  46  4:30  SCV  
  46  4:31  SCV  
  46  4:37  Hellion  
  46  4:39  Supply Depot, Cloaking Field  
  44  4:47  Banshee  
  44  4:52  SCV x2  
  41  5:04  SCV x2  
  41  5:05  Barracks Tech Lab  
  41  5:11  Supply Depot  
  41  5:16  SCV x2  
  43  5:28  SCV x2  
  43  5:30  Banshee  
  43  5:31  Refinery  
  43  5:33  Supply Depot  
  48  5:36  Marine x2  
  48  5:42  SCV x2  
  52  5:45  Siege Tank  
  55  5:52  Supply Depot  
  55  5:53  Marine  
  55  5:54  Marine  
  57  5:57  SCV  
  57  5:58  SCV  
  59  6:09  SCV  
  59  6:10  SCV  
  61  6:11  Marine x2  
  61  6:12  Banshee  
  63  6:19  Siege Tank  
  63  6:21  SCV  
  63  6:22  SCV  
  61  6:34  SCV  
  61  6:35  SCV  
  61  6:39  Marine x2  
  63  6:51  Siege Tank  
  63  6:53  SCV  
  67  6:55  Banshee  
  67  6:56  SCV  
  67  7:07  Marine  
  67  7:08  Marine  
  50  7:20  SCV x2  
  41  7:23  Siege Tank  
  41  7:25  Marine x2  
  41  7:29  Barracks  
  46  7:30  Barracks  
  46  7:33  SCV x2  
  48  7:38  Banshee  
  48  7:43  Marine x2  
  53  7:50  SCV x2  
  55  7:53  Supply Depot  
  55  7:57  Siege Tank  
  57  8:11  Marine x2  
  55  8:23  SCV x2  
Show
View Real Time Build Order
Export as new Build Order

AcerNerchio Zerg - Winner!

Build Orders: Hatch First 

Get SALT Encoding   

  12  0:00  Drone  
  13  0:12  Overlord  
  13  0:17  Drone  
  14  0:31  Drone x2  
  14  0:34  Drone  
  17  0:52  Hatchery  
  17  0:55  Drone  
  17  0:58  Drone  
  18  1:13  Spawning Pool  
  18  1:16  Drone  
  18  1:19  Drone  
  18  1:22  Extractor  
  18  1:28  Drone  
  19  1:38  Overlord  
  19  2:00  Queen, Zergling x4  
  23  2:04  Zergling x2, Queen  
  26  2:11  Drone  
  26  2:15  Drone  
  28  2:26  Drone  
  28  2:29  Overlord  
  29  2:30  Roach Warren  
  28  3:10  Roach x8  
  28  3:11  Overlord  
  44  3:17  Overlord  
  44  3:30  Drone x3  
  44  3:31  Drone  
  48  3:35  Drone  
  49  3:41  Drone x2  
  49  3:42  Drone  
  49  3:43  Ravager  
  49  3:45  Drone  
  49  3:48  Drone  
  55  3:50  Drone  
  56  3:56  Drone  
  56  3:59  Drone  
  56  4:01  Overlord  
  57  4:06  Drone x2  
  57  4:09  Overlord  
  56  4:19  Queen  
  56  4:21  Overlord  
  56  4:23  Roach  
  60  4:28  Roach x2  
  61  4:37  Queen  
  61  4:38  Roach x2  
  63  4:46  Roach x2  
  63  4:47  Roach  
  63  4:51  Roach  
  71  4:55  Drone  
  71  4:56  Drone  
  67  5:01  Drone x3  
  67  5:02  Drone  
  67  5:03  Drone  
  67  5:05  Extractor  
  67  5:07  Extractor  
  66  5:14  Drone  
  66  5:15  Drone  
  68  5:27  Lair  
  68  5:28  Queen  
  70  5:31  Drone x2  
  70  5:33  Spore Crawler  
  70  5:35  Spore Crawler, Drone  
  71  5:36  Drone x3  
  71  5:38  Spore Crawler  
  71  5:41  Drone  
  74  5:43  Spore Crawler  
  74  5:44  Spore Crawler  
  74  5:46  Drone  
  74  5:49  Drone x3  
  76  5:54  Drone  
  76  6:06  Evolution Chamber  
  76  6:07  Hatchery  
  76  6:09  Evolution Chamber  
  73  6:12  Drone x3  
  73  6:16  Queen  
  76  6:23  Roach x2  
  72  6:28  Roach x2  
  72  6:29  Roach  
  70  6:33  Glial Reconstitution  
  70  6:37  Roach x2  
  74  6:41  Overseer  
  74  6:44  Extractor  
  74  6:46  Roach x3  
  79  6:49  Ravager x3  
  79  6:50  Overlord  
  82  6:54  Overlord  
  82  6:59  Overlord  
  73  7:10  Roach x5  
  73  7:15  Roach x2  
  85  7:17  Roach  
  85  7:21  Roach, Queen  
  89  7:27  Roach  
  89  7:28  Roach  
  93  7:33  Roach x3  
  96  7:40  Roach x2  
  96  7:43  Drone  
  102  7:44  Drone x2  
  103  7:52  Ravager  
  103  7:53  Ravager  
  103  7:55  Drone x3  
  108  7:59  Queen x2  
  112  8:08  Drone x3  
  112  8:11  Drone x2  
  100  8:22  Roach x3  
Tags
 
Add a new tag
Caveats
  • Supply blocks, unpowered buildings, or Contaminate may cause inaccurate times.
  • Supply counts are checked every 10 seconds.